 Dungeon Sprint DCSS version 0.30.1 (webtiles) character file.

Game seed: 5090397469221514287

45 BreadTh the Trooper (level 3, -1/23 HPs)
             Began as a Spriggan Brigand on July 11, 2023.
             Slain by an iguana (12 damage)
             ... in the Dungeon (Sprint IX: "|||||||||||||||||||||||||||||").
             The game lasted 00:01:04 (53 turns).

BreadTh the Trooper (Spriggan Brigand)                Turns: 53, Time: 00:01:04

Health: -1/23      AC:  3    Str:  7    XL:     3   Next: 42%
Magic:  4/4        EV: 16    Int: 12    God:
Gold:   0          SH:  0    Dex: 18    Spells: 2/2 levels left

rFire   . . .        a - +2 dagger
rCold   . . .        (no shield)
rNeg    . . .        b - +0 robe
rPois   .            (helmet restricted)
rElec   .            c - +0 cloak
rCorr   .            (gloves unavailable)
SInv    +            (boots unavailable)
Will    .....        (no amulet)
Stlth   +++          (no ring)
HPRegen 0.23/turn    (no ring)
MPRegen 0.09/turn

%: no teleportation
@: very quick
A: very small, no large weapons, unfitting armour, see invisible, speed 3
a: no special abilities


You were in the Dungeon.
You visited 1 branch

Inventory:

Hand Weapons
 a - a +2 dagger (weapon)
Missiles
 d - 5 poisoned darts (quivered)
 e - 3 curare-tipped darts
Armour
 b - a +0 robe (worn)
 c - a +0 cloak (worn)
Scrolls
 k - a scroll of blinking
Potions
 f - a potion of curing
 g - a potion of heal wounds
 h - a potion of haste
 i - 2 potions of magic
 j - a potion of berserk rage


   Skills:
 * Level 5.9 Fighting
 - Level 2.1 Short Blades
 - Level 2.0 Throwing
 - Level 1.3 Dodging
 - Level 5.8 Stealth


You had 2 spell levels left.
You didn't know any spells.
Your spell library was empty.

Dungeon Overview and Level Annotations

Branches:
Dungeon (1/1)

Altars:


Innate Abilities, Weirdness & Mutations

You are very small and have problems with some larger weapons.
You are too small for most types of armour.
You have supernaturally acute eyesight. (SInv)
You cover ground extremely quickly. (Speed+++)


Message History

You hit the hound.
The hound is moderately wounded.
The hound misses you.
You miss the hound.
The hound is moderately wounded.
The hound misses you.
You barely miss the hound.
The hound is moderately wounded.
The hound closely misses you. The hound completely misses you.
You hit the hound.
The hound is almost dead.
The hound looks more healthy.
The hound closely misses you.
You hit the hound.
The hound is almost dead.
The adder looks more healthy.
The hound misses you. The hound completely misses you.
You hit the hound.
You kill the hound!
Your Fighting skill increases to level 5!
You have reached level 3!
Your experience leads to an increase in your attributes!
Increase (S)trength, (I)ntelligence, or (D)exterity?
You feel agile. x2
You hit the iguana.
The iguana is lightly wounded.
The iguana closely misses you.
You barely miss the iguana. You hit the iguana but do no damage.
The iguana completely misses you.
You hit the iguana but do no damage. The iguana bites you.
You closely miss the iguana. The iguana bites you!
You hit the iguana but do no damage.
The iguana bites you but does no damage.
You hit the iguana.
The iguana is lightly wounded.
The iguana closely misses you.
You hit the iguana.
The iguana is lightly wounded.
The iguana bites you!
Ouch! That really hurt!
You die... ▓▓▓▓▓▓▓▓▓▓▓▓▓▓▓▓▓▓ +.h..S'..†(.hSl@<▓ ▓▓▓▓▓▓▓▓▓▓▓▓▓▓▓▓▓▓

You could see an iguana, a hound and an adder.

Vanquished Creatures
  A hound (D)
  A gnoll (D)
  An endoplasm (D)
  A jackal (D)
  2 quokkas (D)
  A rat (D)
7 creatures vanquished.

Notes
Turn   | Place    | Note
-------+----------+-------------------------------------------
     0 | D        | BreadTh the Spriggan Brigand began the quest for the Orb.
     0 | D        | Reached XP level 1. HP: 10/10 MP: 2/2
    24 | D        | Noticed a hound
    24 | D        | Noticed an iguana
    24 | D        | Noticed a hound
    38 | D        | Reached XP level 2. HP: 18/18 MP: 3/3
    46 | D        | Reached skill level 5 in Fighting
    46 | D        | Reached XP level 3. HP: 23/23 MP: 4/4
    53 | D        | Slain by an iguana

Illustrated notes

Levels and vault maps discovered:
D:        linesprint [early_d, line_temple, items_1, d_10, items_2, lair_1,
          lair_end, items_3, orc_1, orc_end, items_4, d_15, swamp_1, shoals_1,
          snake_1, spider_1, d_20, vaults_1, items_5, swamp_end, shoals_end,
          snake_end, spider_end, vaults_end, d_27, items_6, zot_1, zot_end,
          crypt_end, forest_end, elf_end, slime_end, tomb_end, abyss_end,
          pan_hell_end]

Skill      XL: |  1  2 |
---------------+-------+-----
Fighting       | 4 5 |  5.9
Short Blades   | |  2.1
Throwing       | |  2.0
Dodging        | |  1.3
Stealth        | |  5.8

Action                     || total
---------------------------++-------
  Melee: Dagger            ||    29
  Throw: Dart              ||     4
 Armour: Robe              ||     4
  Dodge: Dodged            ||    17
